AoeStats
← luciano.collari

Arabian Desert

510696050Analyzed
1v1 RM · 9h ago on Oct 2, 2026· 36m 40s· 2 players
Game mode
Random Map
Map size
Tiny (2 player)
Population
200
Speed
Normal
Resources
Standard
Victory
Conquest
Starting age
Dark Age
Ending age
Imperial Age
RankedLock teamsTeams togetherTeam positionsShared explorationLock speedFull tech treeHidden civsTurbo modeCheats
Victory
Defeat
🇨🇱 Spanish · Chile
1197
+14
🇻🇳 Mongols · Vietnam
1159
-14
Bad Teddy
7:02 Loom
9:04 Feudal Age
9:50 Double-Bit Axe
11:08 Horse Collar
14:42 Bloodlines
15:03 Scale Barding Armor
15:58 Fletching
18:07 Gold Mining
22:37 Castle Age
21:24 Scale Mail Armor
21:30 Padded Archer Armor
22:43 Elite Skirmisher
22:54 Pikeman
30:17 Bodkin Arrow
33:23 Light Cavalry
34:03 Husbandry
luciano.collari
8:46 Loom
11:01 Feudal Age
17:38 Castle Age
16:24 Double-Bit Axe
17:11 Horse Collar
17:45 Bloodlines
24:18 Padded Archer Armor
28:37 Leather Archer Armor
29:11 Husbandry
34:33 Scale Barding Armor
35:37 Chain Barding Armor
35:53 Forging
Connection lost

Rejoining the realm…

Still unreachable

The connection could not be restored.

Session expired

The server has moved on; the page needs a fresh start.